[Event "CZE-tht Extraliga 2018-19"]
[Site "Czech Republic"]
[Date "2019.02.09"]
[Round "7.7"]
[White "Chytilek, Roman"]
[Black "Jansa, Vlastimil"]
[Result "0-1"]
[ECO "D97"]
[WhiteElo "2334"]
[BlackElo "2454"]
[Annotator "RC"]
[PlyCount "106"]
[EventDate "2018.11.03"]
[EventType "team-tourn"]
[EventCountry "CZE"]
[SourceTitle "playchess.com"]
[Source "ChessBase"]
[SourceQuality "1"]
[WhiteTeam "Duras"]
[BlackTeam "Lysa nad Labem"]
[TimeControl "40/5400+30:1800+30"]

1. d4 Nf6 2. c4 g6 3. Nc3 d5 4. Nf3 Bg7 5. Qb3 dxc4 6. Qxc4 O-O 7. e4 Nc6 8. Be2 Bg4 9. d5 Na5 10. Qb4 Bxf3 11. Bxf3 c6 12. O-O Nd7 13. Rd1 c5 14. Qa4 a6 15. Qc2 b5 16. Bg5 h6 17. Bd2 Nc4 18. Be1 Nd6 19. a3 c4 20. Na2 a5 21. Bc3 Ne5 22. Bxe5 Bxe5 23. Nc3 b4 24. Ne2 Qb6 25. Rab1 Qc5 26. a4 Rac8 27. Rbc1 Kg7 28. Qd2 Rc7 29. Nf4 Qb6 30. g3 c3 31. bxc3 bxc3 32. Qc2 Nc4 33. Nd3 Bd4 34. Kg2 Rb8 35. Rb1 Qa7 36. Rxb8 Qxb8 37. Rc1 Nd2 38. Rd1 Qb6 39. h4 h5 40. Rxd2 cxd2 41. Qxd2 Qb3 42. Bd1 Qc3 43. Qe2 Ba7 44. e5 Qd4 45. Qf3 Rc3 46. Be2 Qxa4 47. d6 Qd7 48. Qd5 a4 49. Bf3 a3 50. dxe7 Qxe7 51. Be4 Rc2 52. Qb3 a2 53. Qa4 Rc4 0-1

[Event "CZE-tht Extraliga 2018-19"]
[Site "Czech Republic"]
[Date "2019.02.09"]
[Round "7.7"]
[White "Pisk, Petr"]
[Black "Kuba, Jindrich"]
[Result "1/2-1/2"]
[ECO "A47"]
[WhiteElo "2330"]
[BlackElo "2310"]
[Annotator "NA"]
[PlyCount "38"]
[EventDate "2018.11.03"]
[EventType "team-tourn"]
[EventCountry "CZE"]
[SourceTitle "playchess.com"]
[Source "ChessBase"]
[SourceQuality "1"]
[WhiteTeam "Brno"]
[BlackTeam "Siesta B"]
[TimeControl "40/5400+30:1800+30"]

1. d4 Nf6 2. Nf3 b6 3. Bg5 Bb7 4. Nbd2 e6 5. e3 Be7 6. Bd3 d6 7. Qe2 Nbd7 8. h3 c5 9. c3 Qc7 10. e4 h6 11. Bxf6 Bxf6 12. O-O O-O 13. Rfe1 e5 14. dxe5 Nxe5 15. Nxe5 dxe5 16. Ba6 Bc6 17. Bb5 Bb7 18. Ba6 Bc6 19. Bb5 Bb7 1/2-1/2

[Event "CZE-tht Extraliga 2018-19"]
[Site "Czech Republic"]
[Date "2019.02.09"]
[Round "7.7"]
[White "Kawulok, Marek"]
[Black "Zilka, Stepan"]
[Result "0-1"]
[ECO "E04"]
[WhiteElo "2198"]
[BlackElo "2533"]
[Annotator "ChessBase"]
[PlyCount "66"]
[EventDate "2018.11.03"]
[EventType "team-tourn"]
[EventCountry "CZE"]
[SourceTitle "playchess.com"]
[Source "ChessBase"]
[SourceQuality "1"]
[WhiteTeam "Cesky Tesin"]
[BlackTeam "Novoborsky"]
[TimeControl "40/5400+30:1800+30"]

1. d4 Nf6 2. c4 e6 3. g3 d5 4. Nf3 dxc4 5. Bg2 a6 6. O-O Nc6 7. e3 Rb8 8. Nfd2 e5 9. Bxc6+ bxc6 10. dxe5 Ng4 11. Nxc4 Qxd1 12. Rxd1 Be6 13. Nba3 Bxa3 14. Nxa3 Nxe5 15. f4 Bg4 16. Rf1 Nd3 17. Bd2 Be2 18. Rfb1 h5 19. h4 O-O 20. b3 Rbd8 21. Nc4 Rfe8 22. Ba5 Re7 23. Kg2 f6 24. Nb2 Rd5 25. Nc4 g5 26. hxg5 fxg5 27. Bc3 g4 28. Ne5 Nxe5 29. Bxe5 Bf3+ 30. Kf1 h4 31. gxh4 Rexe5 32. fxe5 Rd2 33. Kg1 g3 0-1

[Event "CZE-tht Extraliga 2018-19"]
[Site "Czech Republic"]
[Date "2019.02.09"]
[Round "7.8"]
[White "Kriebel, Tadeas"]
[Black "Mitura, Vaclav"]
[Result "1-0"]
[ECO "B12"]
[WhiteElo "2513"]
[BlackElo "2147"]
[Annotator "ChessBase"]
[PlyCount "75"]
[EventDate "2018.11.03"]
[EventType "team-tourn"]
[EventCountry "CZE"]
[SourceTitle "playchess.com"]
[Source "ChessBase"]
[SourceQuality "1"]
[WhiteTeam "Novoborsky"]
[BlackTeam "Cesky Tesin"]
[TimeControl "40/5400+30:1800+30"]

1. e4 c6 2. d4 d5 3. e5 Bf5 4. Nf3 e6 5. Be2 Nd7 6. O-O Bg6 7. Nbd2 Nh6 8. Nb3 Nf5 9. Bd2 Be7 10. a4 O-O 11. a5 c5 12. c3 Rc8 13. Nxc5 Nxc5 14. dxc5 Bxc5 15. b4 Be7 16. a6 b6 17. g4 Nh4 18. Nd4 Qc7 19. f4 Be4 20. Qe1 h6 21. Qg3 Qd8 22. Rad1 Kh8 23. h3 Rg8 24. Bb5 Ng6 25. Qe3 Qc7 26. Rc1 Nh4 27. Rf2 g5 28. Rcf1 gxf4 29. Qxf4 Bg5 30. Qg3 Rg7 31. Bxg5 hxg5 32. Bc6 Ng6 33. Bb7 Qxc3 34. Qxc3 Rxc3 35. Nb5 Nf4 36. Nxc3 Nxh3+ 37. Kh2 Rh7 38. Rxf7 1-0

[Event "CZE-tht Extraliga 2018-19"]
[Site "Czech Republic"]
[Date "2019.02.09"]
[Round "7.8"]
[White "Suran, Jan"]
[Black "Vyskocil, Neklan"]
[Result "1/2-1/2"]
[ECO "B33"]
[WhiteElo "2408"]
[BlackElo "2295"]
[Annotator "NA"]
[PlyCount "141"]
[EventDate "2018.11.03"]
[EventType "team-tourn"]
[EventCountry "CZE"]
[SourceTitle "playchess.com"]
[Source "ChessBase"]
[SourceQuality "1"]
[WhiteTeam "Lysa nad Labem"]
[BlackTeam "Duras"]
[TimeControl "40/5400+30:1800+30"]

1. e4 c5 2. Nf3 Nc6 3. d4 cxd4 4. Nxd4 Nf6 5. Nc3 e5 6. Ndb5 d6 7. Bg5 a6 8. Na3 b5 9. Nd5 Be7 10. Bxf6 Bxf6 11. c4 b4 12. Nc2 a5 13. Be2 O-O 14. O-O Bg5 15. Qd3 Rb8 16. Rad1 a4 17. b3 Qa5 18. Qg3 Bd8 19. h3 Be6 20. Bg4 axb3 21. axb3 Qa2 22. Qd3 Bxd5 23. cxd5 Ne7 24. Ne3 Ra8 25. Nc4 Bc7 26. f4 exf4 27. e5 Qa7+ 28. Kh1 Rad8 29. e6 fxe6 30. Bxe6+ Kh8 31. Rde1 Bb6 32. Qd2 Ng6 33. Qxb4 Bc5 34. Qc3 Rb8 35. Qc2 Qb7 36. Rb1 Qe7 37. Bf5 Nh4 38. Rbe1 Qg5 39. Be4 Rbe8 40. Nd2 Bb4 41. Rd1 Qg3 42. Nf3 Nxg2 43. Qxg2 Qxg2+ 44. Kxg2 Rxe4 45. Ng5 Re3 46. Rf3 h6 47. Ne6 Rc8 48. Nxf4 Rc2+ 49. Kg3 Be1+ 50. Kg4 Re4 51. Rf1 Bd2 52. Rf2 g5 53. Rdxd2 Rxd2 54. Rxd2 Rxf4+ 55. Kg3 Rb4 56. Rd3 Kg7 57. Re3 h5 58. Re7+ Kf6 59. Re6+ Kf5 60. Rxd6 Rxb3+ 61. Kg2 Rb2+ 62. Kf3 h4 63. Rd8 Rb3+ 64. Kg2 Rb2+ 65. Kf3 Rh2 66. Rf8+ Kg6 67. d6 Rd2 68. Rd8 Kf6 69. d7 Ke7 70. Rg8 Rxd7 71. Ke4 1/2-1/2

[Event "CZE-tht Extraliga 2018-19"]
[Site "Czech Republic"]
[Date "2019.02.09"]
[Round "7.8"]
[White "Smid, Miroslav"]
[Black "Rabatin, Jakub"]
[Result "1-0"]
[ECO "A15"]
[WhiteElo "2265"]
[BlackElo "2318"]
[Annotator "ChessBase"]
[PlyCount "115"]
[EventDate "2018.11.03"]
[EventType "team-tourn"]
[EventCountry "CZE"]
[SourceTitle "playchess.com"]
[Source "ChessBase"]
[SourceQuality "1"]
[WhiteTeam "Siesta"]
[BlackTeam "Beskydska"]
[TimeControl "40/5400+30:1800+30"]

1. c4 Nf6 2. g3 g6 3. Bg2 Bg7 4. Nc3 O-O 5. e4 d6 6. Nge2 c5 7. O-O Nc6 8. d3 Ne8 9. Be3 Nd4 10. Qd2 Nc7 11. Bh6 e5 12. Bxg7 Kxg7 13. Nxd4 cxd4 14. Ne2 a5 15. f4 f6 16. Rf2 Bd7 17. f5 g5 18. Bf3 Na6 19. h4 h6 20. Rh2 a4 21. Kg2 Qe7 22. Rah1 Rh8 23. Bh5 Nc5 24. Bg6 Bc6 25. hxg5 fxg5 26. Rf1 Nd7 27. g4 Nf6 28. Kf3 Be8 29. Bxe8 Nxe8 30. Ng3 Nf6 31. Rfh1 Ng8 32. Nh5+ Kf8 33. Kg3 Ke8 34. Qb4 Qc7 35. f6 Rh7 36. Ng7+ Kf7 37. Rf1 Ra6 38. Nh5 Kg6 39. Ng7 Kf7 40. Qd2 Qd7 41. Qg2 d5 42. cxd5 Rxf6 43. Ne6 Ke8 44. Rxf6 Nxf6 45. Qf1 Rf7 46. Rf2 Ke7 47. Rf5 Qd6 48. Kh3 h5 49. gxh5 g4+ 50. Kh4 Kd7 51. Qc1 Qb6 52. Ng5 Rf8 53. h6 g3 54. h7 g2 55. Kh3 a3 56. bxa3 Rh8 57. Kxg2 Rc8 58. Qxc8+ 1-0

[Event "CZE-tht Extraliga 2018-19"]
[Site "Czech Republic"]
[Date "2019.02.09"]
[Round "7.8"]
[White "Slampa, Jan"]
[Black "Vymazal, Bronislav"]
[Result "0-1"]
[ECO "A80"]
[WhiteElo "2258"]
[BlackElo "2366"]
[Annotator "NA"]
[PlyCount "128"]
[EventDate "2018.11.03"]
[EventType "team-tourn"]
[EventCountry "CZE"]
[SourceTitle "playchess.com"]
[Source "ChessBase"]
[SourceQuality "1"]
[WhiteTeam "Siesta B"]
[BlackTeam "Brno"]
[TimeControl "40/5400+30:1800+30"]

1. d4 f5 2. Nf3 Nf6 3. g3 g6 4. Bg2 Bg7 5. O-O O-O 6. Nc3 d5 7. e3 e6 8. Ne2 Nbd7 9. b3 b6 10. Ba3 Re8 11. Rc1 Bb7 12. Nf4 Ne4 13. c4 c6 14. Qe2 a5 15. Rc2 a4 16. b4 Ba6 17. b5 Bb7 18. Rfc1 c5 19. dxc5 bxc5 20. Nd2 Rc8 21. cxd5 exd5 22. Nxe4 dxe4 23. Qc4+ Kh8 24. Qxa4 Qb6 25. h4 Rc7 26. Qb3 Be5 27. Bf1 Kg7 28. Bc4 Bxf4 29. exf4 Nf6 30. Bb2 Kh6 31. Be5 Rce7 32. Rd2 Ng4 33. Rd6 Qa7 34. Rcd1 e3 35. fxe3 Nxe5 36. fxe5 Rxe5 37. R1d3 Re4 38. Bd5 Bxd5 39. Qxd5 c4 40. b6 Qxa2 41. Rd2 Qb1+ 42. Rd1 Qb3 43. Kh2 Qxe3 44. Qxf5 Rxh4+ 45. gxh4 Qe2+ 46. Kg1 Qxd1+ 47. Rxd1 gxf5 48. Rc1 Rb8 49. Rxc4 Rxb6 50. Kf2 Rb3 51. Kg2 Kg6 52. Ra4 Re3 53. Ra6+ Kh5 54. Rf6 Kg4 55. Rh6 Re2+ 56. Kf1 Re7 57. Kf2 Ra7 58. Kg2 f4 59. Kf2 f3 60. Rf6 Ra2+ 61. Ke1 Kg3 62. Rf7 f2+ 63. Kf1 Ra1+ 64. Ke2 Re1+ 0-1

[Event "CZE-tht Extraliga 2018-19"]
[Site "Czech Republic"]
[Date "2019.02.09"]
[Round "7.8"]
[White "Kanok, Jaroslav"]
[Black "Rosko, Lubos"]
[Result "0-1"]
[ECO "A05"]
[WhiteElo "2146"]
[BlackElo "2276"]
[Annotator "NA"]
[PlyCount "82"]
[EventDate "2018.11.03"]
[EventType "team-tourn"]
[EventCountry "CZE"]
[SourceTitle "playchess.com"]
[Source "ChessBase"]
[SourceQuality "1"]
[WhiteTeam "Ostrava"]
[BlackTeam "Pardubice"]
[TimeControl "40/5400+30:1800+30"]

1. Nf3 Nf6 2. g3 d5 3. Bg2 g6 4. d3 Bg7 5. O-O O-O 6. Nbd2 c5 7. c3 Nc6 8. e4 e5 9. Qc2 Re8 10. Rb1 a5 11. Re1 h6 12. h3 a4 13. Nf1 Be6 14. b4 axb3 15. axb3 Qd7 16. g4 h5 17. gxh5 Nxh5 18. Ng5 d4 19. Nxe6 Qxe6 20. cxd4 Nxd4 21. Qd1 Nf4 22. Bxf4 exf4 23. Nh2 Ra2 24. Nf3 Nb5 25. Qc1 Na3 26. Qxc5 Nxb1 27. Rxb1 Rc8 28. Qb5 Qc6 29. Qc4 b5 30. Qxc6 Rxc6 31. e5 Rcc2 32. d4 Rxf2 33. Bh1 Bf8 34. Rd1 Rfb2 35. e6 fxe6 36. Ng5 Bh6 37. Nf3 Rxb3 38. d5 Bf8 39. Nd4 Bc5 40. dxe6 Bxd4+ 41. Kf1 f3 0-1

[Event "CZE-tht Extraliga 2018-19"]
[Site "Czech Republic"]
[Date "2019.02.10"]
[Round "8.1"]
[White "Nguyen, Thai Dai Van"]
[Black "Molenda, Marcin"]
[Result "1/2-1/2"]
[ECO "B48"]
[WhiteElo "2542"]
[BlackElo "2393"]
[Annotator "RC"]
[PlyCount "36"]
[EventDate "2018.11.03"]
[EventType "team-tourn"]
[EventCountry "CZE"]
[SourceTitle "playchess.com"]
[Source "ChessBase"]
[SourceQuality "1"]
[WhiteTeam "Siesta"]
[BlackTeam "Cesky Tesin"]
[TimeControl "40/5400+30:1800+30"]

1. e4 c5 2. Nf3 e6 3. d4 cxd4 4. Nxd4 Nc6 5. Nc3 Qc7 6. Be3 a6 7. Qf3 b5 8. Nxc6 Qxc6 9. Bd3 Bb7 10. a3 Nf6 11. O-O Bd6 12. Bd4 Bxh2+ 13. Kxh2 Qd6+ 14. e5 Qxd4 15. Qxb7 Qh4+ 16. Kg1 Ng4 17. Rfe1 Qxf2+ 18. Kh1 Qh4+ 1/2-1/2

[Event "CZE-tht Extraliga 2018-19"]
[Site "Czech Republic"]
[Date "2019.02.10"]
[Round "8.1"]
[White "Kociscak, Jiri"]
[Black "Ftacnik, Lubomir"]
[Result "1/2-1/2"]
[ECO "D70"]
[WhiteElo "2501"]
[BlackElo "2500"]
[Annotator "ChessBase"]
[PlyCount "291"]
[EventDate "2018.11.03"]
[EventType "team-tourn"]
[EventCountry "CZE"]
[SourceTitle "playchess.com"]
[Source "ChessBase"]
[SourceQuality "1"]
[WhiteTeam "Ostrava"]
[BlackTeam "Turnov"]
[TimeControl "40/5400+30:1800+30"]

1. d4 Nf6 2. c4 g6 3. Nf3 Bg7 4. g3 c6 5. Bg2 d5 6. Nbd2 O-O 7. O-O Bf5 8. b3 Nbd7 9. Bb2 b5 10. h3 bxc4 11. g4 Be4 12. bxc4 Rb8 13. Qc1 Re8 14. Rd1 Qb6 15. Bc3 Qa6 16. g5 Nh5 17. Nxe4 dxe4 18. Nd2 Nf4 19. Bf1 Ne6 20. Nxe4 Qxc4 21. e3 Qa4 22. Bg2 Nb6 23. Nc5 Qc4 24. Ba5 Nxc5 25. Bxb6 Qxc1 26. Raxc1 axb6 27. dxc5 Rec8 28. cxb6 Rxb6 29. Rc5 Ra6 30. Rd2 Rca8 31. Rcc2 Rc8 32. Rc4 Rca8 33. Bxc6 Rxa2 34. Rd7 R2a7 35. Rxe7 Rxe7 36. Bxa8 h6 37. gxh6 Bxh6 38. Kg2 Kh7 39. Ra4 Kg7 40. Bd5 Kh7 41. Kg3 Bg7 42. Ra6 Bc3 43. Rc6 Be1 44. Kf3 Kg7 45. Ke2 Bb4 46. f4 Ba3 47. Kf3 Bb2 48. e4 Bd4 49. Kg4 Be3 50. h4 Bd2 51. e5 Be3 52. Rf6 Bd2 53. Rd6 Bc3 54. h5 Bxe5 55. fxe5 Rxe5 56. Rd7 Rxh5 57. Bxf7 Kf6 58. Bc4 Rg5+ 59. Kf4 Rf5+ 60. Ke4 Re5+ 61. Kd4 Re7 62. Rd6+ Kg5 63. Bd3 Rg7 64. Ke3 Rg8 65. Be4 Rg7 66. Rd1 Rg8 67. Rg1+ Kf6 68. Kf4 Rg7 69. Rg5 Rg8 70. Ra5 Re8 71. Ra7 Re7 72. Ra8 Re6 73. Bd5 Rd6 74. Ke4 Rb6 75. Ra7 Rb4+ 76. Kf3 Rb6 77. Kf4 Rb4+ 78. Be4 g5+ 79. Ke3 Rb3+ 80. Bd3 Rb6 81. Ra5 Re6+ 82. Kd4 Rd6+ 83. Kc3 Rc6+ 84. Kd2 g4 85. Rf5+ Ke7 86. Rg5 Kd8 87. Ke3 Rd6 88. Be4 Kc7 89. Bd5 Rf6 90. Kd4 Rd6 91. Kc5 Rd7 92. Rg6 g3 93. Rxg3 Re7 94. Ra3 Kd7 95. Ra6 Kc7 96. Rc6+ Kd8 97. Rb6 Kc7 98. Be6 Re8 99. Rc6+ Kb7 100. Kb5 Re7 101. Bd5 Kb8 102. Rc1 Rd7 103. Kc5 Kc7 104. Kd4+ Kd8 105. Ke5 Rc7 106. Bc6 Ke7 107. Rc2 Ra7 108. Rh2 Rc7 109. Rh6 Kd8 110. Kd5 Ke7 111. Rh8 Kf6 112. Kd6 Rg7 113. Be4 Kg5 114. Rh1 Kf4 115. Bd5 Rg6+ 116. Kc5 Rg3 117. Kd4 Kg5 118. Ke5 Re3+ 119. Be4 Rg3 120. Rh8 Kg4 121. Bf5+ Kg5 122. Rf8 Re3+ 123. Be4 Rg3 124. Bf3 Kh4 125. Kf4 Rg4+ 126. Ke3 Rg7 127. Rf5 Kg3 128. Rf4 Re7+ 129. Be4 Rg7 130. Rf1 Rg5 131. Bf5 Kg2 132. Rf2+ Kg3 133. Rf3+ Kg2 134. Ke2 Kh2 135. Rf4 Rg2+ 136. Ke3 Rg3+ 137. Ke4 Rg7 138. Be6 Kg3 139. Rf1 Rg5 140. Rf3+ Kg2 141. Kf4 Rg7 142. Bd5 Kg1 143. Ra3 Kf2 144. Ra2+ Ke1 145. Bf3 Rc7 146. Re2+ 1/2-1/2

[Event "CZE-tht Extraliga 2018-19"]
[Site "Czech Republic"]
[Date "2019.02.10"]
[Round "8.1"]
[White "Konopka, Michal"]
[Black "Shengelia, David"]
[Result "0-1"]
[ECO "A06"]
[WhiteElo "2364"]
[BlackElo "2528"]
[Annotator "ChessBase"]
[PlyCount "62"]
[EventDate "2018.11.03"]
[EventType "team-tourn"]
[EventCountry "CZE"]
[SourceTitle "playchess.com"]
[Source "ChessBase"]
[SourceQuality "1"]
[WhiteTeam "Siesta B"]
[BlackTeam "Duras"]
[TimeControl "40/5400+30:1800+30"]

1. Nf3 d5 2. d4 e6 3. g3 b5 4. Qd3 Ba6 5. Bg2 Nf6 6. O-O c5 7. c3 b4 8. Qc2 Nbd7 9. Bg5 Rc8 10. Re1 Qb6 11. Bxf6 Nxf6 12. e3 Be7 13. Qb3 O-O 14. Nbd2 Rc7 15. Rec1 Rfc8 16. cxb4 c4 17. Qc2 Qxb4 18. Bf1 Bd6 19. Qc3 Qb6 20. Rab1 Bb4 21. Qc2 g6 22. Qd1 Kg7 23. Ra1 Bd6 24. Rab1 Qa5 25. Qc2 Bb5 26. a3 Ba4 27. Qc3 Qb6 28. Ne5 a5 29. Ndf3 Ne4 30. Qe1 f6 31. b3 Bxb3 0-1

[Event "CZE-tht Extraliga 2018-19"]
[Site "Czech Republic"]
[Date "2019.02.10"]
[Round "8.2"]
[White "Hracek, Zbynek"]
[Black "Markowski, Tomasz"]
[Result "1-0"]
[ECO "B41"]
[WhiteElo "2568"]
[BlackElo "2550"]
[Annotator "ChessBase"]
[PlyCount "47"]
[EventDate "2018.11.03"]
[EventType "team-tourn"]
[EventCountry "CZE"]
[SourceTitle "playchess.com"]
[Source "ChessBase"]
[SourceQuality "1"]
[WhiteTeam "Pardubice"]
[BlackTeam "Poruba"]
[TimeControl "40/5400+30:1800+30"]

1. e4 c5 2. Nf3 e6 3. d4 cxd4 4. Nxd4 a6 5. c4 Nf6 6. Nc3 Qc7 7. Be2 Bb4 8. Nc2 Be7 9. Be3 O-O 10. Qd2 b6 11. f3 d6 12. g4 Bb7 13. O-O-O Nc6 14. g5 Nd7 15. b3 Rfc8 16. Kb2 Nce5 17. f4 Ng6 18. h4 Nc5 19. h5 Nf8 20. h6 g6 21. Rhf1 f6 22. f5 Qd8 23. fxe6 fxg5 24. Bg4 1-0

[Event "CZE-tht Extraliga 2018-19"]
[Site "Czech Republic"]
[Date "2019.02.10"]
[Round "8.2"]
[White "Ponizil, Cyril"]
[Black "Vavra, Pavel"]
[Result "1/2-1/2"]
[ECO "C05"]
[WhiteElo "2503"]
[BlackElo "2348"]
[Annotator "ChessBase"]
[PlyCount "130"]
[EventDate "2018.11.03"]
[EventType "team-tourn"]
[EventCountry "CZE"]
[SourceTitle "playchess.com"]
[Source "ChessBase"]
[SourceQuality "1"]
[WhiteTeam "Duras"]
[BlackTeam "Siesta B"]
[TimeControl "40/5400+30:1800+30"]

1. e4 e6 2. d4 d5 3. Nd2 Nf6 4. e5 Nfd7 5. Ngf3 c5 6. c3 Nc6 7. Bd3 g6 8. h4 h6 9. Nf1 Qa5 10. dxc5 Ndxe5 11. Nxe5 Nxe5 12. b4 Qc7 13. f4 Nxd3+ 14. Qxd3 Bg7 15. Be3 e5 16. Qxd5 Be6 17. Qe4 O-O-O 18. fxe5 Bxe5 19. Rc1 Rhe8 20. Kf2 f5 21. Qf3 f4 22. Bd2 h5 23. Kg1 Bc4 24. Qf2 Qd7 25. Bxf4 Rf8 26. g3 Bxf4 27. gxf4 Qg4+ 28. Qg3 Rxf4 29. Qxg4+ Rxg4+ 30. Kf2 Rf8+ 31. Ke3 Rg2 32. Kd4 Rf4+ 33. Ke3 Rf7 34. Kd4 Rf4+ 35. Ke3 Rf7 36. Kd4 Rg4+ 37. Ke3 Re7+ 38. Kf2 Rf7+ 39. Ke3 Re7+ 40. Kf2 Re2+ 41. Kf3 Rxa2 42. Ke3 Re2+ 43. Kf3 Reg2 44. Ke3 Rg1 45. Nd2 R1g3+ 46. Nf3 Bd5 47. Rcf1 Re4+ 48. Kd2 Re8 49. Nd4 Bxh1 50. Rxh1 Rf8 51. Kc2 Rf4 52. b5 g5 53. hxg5 Rxg5 54. c6 bxc6 55. bxc6 h4 56. Re1 Rxd4 57. cxd4 Rh5 58. d5 Rxd5 59. Re8+ Kc7 60. Rh8 Rd4 61. Rh6 a5 62. Kb2 a4 63. Ka2 Kb6 64. Ka3 Rc4 65. Ka2 Rxc6 1/2-1/2

[Event "CZE-tht Extraliga 2018-19"]
[Site "Czech Republic"]
[Date "2019.02.10"]
[Round "8.2"]
[White "Straka, Vojtech"]
[Black "Michalik, Peter"]
[Result "1/2-1/2"]
[ECO "A29"]
[WhiteElo "2362"]
[BlackElo "2567"]
[Annotator "ChessBase"]
[PlyCount "57"]
[EventDate "2018.11.03"]
[EventType "team-tourn"]
[EventCountry "CZE"]
[SourceTitle "playchess.com"]
[Source "ChessBase"]
[SourceQuality "1"]
[WhiteTeam "Cesky Tesin"]
[BlackTeam "Siesta"]
[TimeControl "40/5400+30:1800+30"]

1. c4 e5 2. g3 Nf6 3. Bg2 d5 4. cxd5 Nxd5 5. Nc3 Nb6 6. Nf3 Nc6 7. O-O Be7 8. d3 O-O 9. Be3 Re8 10. Rc1 Bf8 11. a3 Nd4 12. Ne4 a5 13. Nxd4 exd4 14. Bg5 f6 15. Bd2 a4 16. Bb4 Bxb4 17. axb4 Qe7 18. Qd2 c6 19. Rfe1 Be6 20. Nc5 Bd5 21. Qf4 Bxg2 22. Kxg2 Nd5 23. Qxd4 b6 24. Ne4 Qxb4 25. Qxb4 Nxb4 26. Rc4 c5 27. Ra1 Ra5 28. Nc3 Rea8 29. Ra3 1/2-1/2

[Event "CZE-tht Extraliga 2018-19"]
[Site "Czech Republic"]
[Date "2019.02.10"]
[Round "8.3"]
[White "Bobras, Piotr"]
[Black "Stocek, Jiri"]
[Result "1/2-1/2"]
[ECO "C70"]
[WhiteElo "2488"]
[BlackElo "2588"]
[Annotator "ChessBase"]
[PlyCount "66"]
[EventDate "2018.11.03"]
[EventType "team-tourn"]
[EventCountry "CZE"]
[SourceTitle "playchess.com"]
[Source "ChessBase"]
[SourceQuality "1"]
[WhiteTeam "Poruba"]
[BlackTeam "Pardubice"]
[TimeControl "40/5400+30:1800+30"]

1. e4 e5 2. Nf3 Nc6 3. Bb5 a6 4. Ba4 g6 5. c3 Bg7 6. d4 b5 7. Bb3 exd4 8. Bg5 Nge7 9. Nxd4 Na5 10. Qf3 Nxb3 11. axb3 Bb7 12. Nd2 O-O 13. Bf6 c5 14. Ne2 Bxf6 15. Qxf6 Nc6 16. Qd6 Qe7 17. Qxe7 Nxe7 18. f3 d5 19. exd5 Nxd5 20. Ne4 Ne3 21. Kf2 Ng4+ 22. fxg4 Bxe4 23. b4 Rfc8 24. bxc5 Rxc5 25. Rhd1 Rcc8 26. Rd4 Bb7 27. Nf4 a5 28. Re1 a4 29. Re5 a3 30. bxa3 Rxc3 31. Rxb5 Bc6 32. Rb2 Rcxa3 33. h3 R3a4 1/2-1/2

[Event "CZE-tht Extraliga 2018-19"]
[Site "Czech Republic"]
[Date "2019.02.10"]
[Round "8.3"]
[White "Rasik, Vitezslav"]
[Black "Vykouk, Jan"]
[Result "1-0"]
[ECO "C00"]
[WhiteElo "2456"]
[BlackElo "2438"]
[Annotator "ChessBase"]
[PlyCount "94"]
[EventDate "2018.11.03"]
[EventType "team-tourn"]
[EventCountry "CZE"]
[SourceTitle "playchess.com"]
[Source "ChessBase"]
[SourceQuality "1"]
[WhiteTeam "Ostrava"]
[BlackTeam "Turnov"]
[TimeControl "40/5400+30:1800+30"]

1. e4 e6 2. d3 c5 3. Nf3 Nc6 4. g3 g6 5. Bg2 Bg7 6. O-O Nge7 7. c3 O-O 8. Nbd2 b6 9. Re1 Ba6 10. Nb3 Rc8 11. d4 cxd4 12. Nbxd4 Nxd4 13. Nxd4 Nc6 14. Nxc6 dxc6 15. Qxd8 Rfxd8 16. Bg5 f6 17. Be3 Kf7 18. a4 Bd3 19. a5 bxa5 20. Bxa7 Bc4 21. Bf1 Bxf1 22. Kxf1 Ra8 23. Rxa5 Rd7 24. Rea1 Rd2 25. b4 f5 26. Be3 Rxa5 27. bxa5 Rd8 28. a6 Bxc3 29. Rc1 Bd4 30. Bxd4 Rxd4 31. exf5 gxf5 32. Rxc6 h5 33. a7 Ra4 34. Rc7+ Kf6 35. Ke2 Ra3 36. f4 h4 37. Kd2 hxg3 38. hxg3 Kg6 39. Kc2 Kh5 40. Rh7+ Kg4 41. Rg7+ Kf3 42. Kb2 Ra6 43. Kc3 Ke4 44. Kc4 Ra1 45. Kc5 Rc1+ 46. Kb6 Rb1+ 47. Kc7 Kd5 1-0

[Event "CZE-tht Extraliga 2018-19"]
[Site "Czech Republic"]
[Date "2019.02.10"]
[Round "8.3"]
[White "Cernousek, Lukas"]
[Black "Mroziak, Maciej"]
[Result "1-0"]
[ECO "B01"]
[WhiteElo "2425"]
[BlackElo "2382"]
[Annotator "NA"]
[PlyCount "79"]
[EventDate "2018.11.03"]
[EventType "team-tourn"]
[EventCountry "CZE"]
[SourceTitle "playchess.com"]
[Source "ChessBase"]
[SourceQuality "1"]
[WhiteTeam "Siesta"]
[BlackTeam "Cesky Tesin"]
[TimeControl "40/5400+30:1800+30"]

1. e4 d5 2. exd5 Nf6 3. d4 Bg4 4. Bb5+ c6 5. dxc6 Qa5+ 6. Nc3 Nxc6 7. Nge2 O-O-O 8. Bxc6 bxc6 9. h3 Bh5 10. Qd3 e5 11. Qc4 Bb4 12. dxe5 Nd5 13. O-O Nxc3 14. Nxc3 Bxc3 15. Qxc6+ Qc7 16. Qa6+ Qb7 17. Qxb7+ Kxb7 18. bxc3 Bg6 19. Rb1+ Kc6 20. Be3 Bxc2 21. Rb2 Bd3 22. Rd1 Bc4 23. Rd4 Rxd4 24. Bxd4 a5 25. a4 h5 26. f3 Ra8 27. Kf2 g6 28. Kg3 Kc7 29. Kf4 Rb8 30. Rxb8 Kxb8 31. g4 Kc7 32. Kg5 Bb3 33. gxh5 gxh5 34. f4 Bxa4 35. Kxh5 Bb3 36. Kg5 a4 37. Bc5 Kc6 38. Bb4 Kd5 39. Kf6 Ke4 40. f5 1-0

[Event "CZE-tht Extraliga 2018-19"]
[Site "Czech Republic"]
[Date "2019.02.10"]
[Round "8.3"]
[White "Jurcik, Martin"]
[Black "Blahynka, Martin"]
[Result "1/2-1/2"]
[ECO "C54"]
[WhiteElo "2346"]
[BlackElo "2426"]
[Annotator "NA"]
[PlyCount "88"]
[EventDate "2018.11.03"]
[EventType "team-tourn"]
[EventCountry "CZE"]
[SourceTitle "playchess.com"]
[Source "ChessBase"]
[SourceQuality "1"]
[WhiteTeam "Siesta B"]
[BlackTeam "Duras"]
[TimeControl "40/5400+30:1800+30"]

1. e4 e5 2. Nf3 Nc6 3. Bc4 Bc5 4. c3 Nf6 5. d3 a6 6. a4 O-O 7. Bg5 h6 8. Bh4 d6 9. Nbd2 Be6 10. O-O Qe7 11. Re1 Rab8 12. a5 Bxc4 13. Nxc4 Qe6 14. Ra4 Ba7 15. d4 exd4 16. cxd4 d5 17. exd5 Qxd5 18. Bxf6 gxf6 19. Ne3 Qh5 20. d5 Ne5 21. Nxe5 Qxd1 22. Rxd1 fxe5 23. Nf5 Rfd8 24. Rg4+ Kf8 25. Nxh6 Ke7 26. Rd3 b6 27. Rc4 bxa5 28. Rxc7+ Rd7 29. Nf5+ Kd8 30. Rxd7+ Kxd7 31. Rd2 Rb4 32. g3 Bd4 33. Nxd4 exd4 34. Kg2 Kd6 35. Kf3 Kxd5 36. Kf4 a4 37. h4 a3 38. bxa3 Rb1 39. Rc2 d3 40. Rc7 Kd4 41. Rd7+ Kc3 42. Rc7+ Kd4 43. Rd7+ Kc3 44. Rc7+ Kd4 {[%emt 0:08:12] Ke4+ Ke5+} 1/2-1/2

[Event "CZE-tht Extraliga 2018-19"]
[Site "Czech Republic"]
[Date "2019.02.10"]
[Round "8.4"]
[White "Nayhebaver, Martin"]
[Black "Plat, Vojtech"]
[Result "1/2-1/2"]
[ECO "B45"]
[WhiteElo "2462"]
[BlackElo "2533"]
[Annotator "ChessBase"]
[PlyCount "77"]
[EventDate "2018.11.03"]
[EventType "team-tourn"]
[EventCountry "CZE"]
[SourceTitle "playchess.com"]
[Source "ChessBase"]
[SourceQuality "1"]
[WhiteTeam "Brno"]
[BlackTeam "Lysa nad Labem"]
[TimeControl "40/5400+30:1800+30"]

1. e4 c5 2. Nf3 Nc6 3. d4 cxd4 4. Nxd4 e6 5. Nc3 d6 6. g4 Be7 7. Be3 a6 8. Qe2 Bd7 9. O-O-O b5 10. Nxc6 Bxc6 11. Bd4 Bf6 12. f4 Bxd4 13. Rxd4 Ne7 14. Bg2 Qc7 15. Rhd1 e5 16. R4d2 b4 17. Nd5 Bxd5 18. exd5 Ng6 19. Rd4 Qa5 20. Qc4 O-O 21. fxe5 Nxe5 22. Qxb4 Qxa2 23. Qa4 Qxa4 24. Rxa4 a5 25. Kd2 f5 26. gxf5 Rxf5 27. Rf1 Rg5 28. Bh3 g6 29. Rf2 Kg7 30. Be6 Rg1 31. b4 Nc4+ 32. Ke2 Rc1 33. Rf7+ Kh6 34. bxa5 Rxc2+ 35. Kd3 Nb2+ 36. Kxc2 Nxa4 37. Rd7 Rxa5 38. Rxd6 Nc5 39. Rc6 1/2-1/2